Map: [ESL] Site Delta

Players

Reynor

  • Race: Zerg Zerg
  • Spawn Location: 5:00

Dark - Winner!

  • Race: Zerg Zerg
  • Spawn Location: 11:00

Event: IEM Katowice 2024

VOD

Have the link to the VOD?

Description

Time

  • Played on: Feb. 9, 2024, 11:14 a.m.
  • Length: 7:03

All games in this series

Show
View Real Time Build Order
Export as new Build Order

Reynor Zerg 

Build Orders: Hatch First, Zergling Baneling 

Get SALT Encoding   

  12  0:00  Drone  
  13  0:07  Drone  
  13  0:14  Extractor, Drone  
  15  0:36  Hatchery  
  15  0:40  Extractor  
  15  0:41  Drone  
  15  0:47  Overlord  
  15  1:03  Spawning Pool  
  14  1:05  Drone  
  14  1:08  Drone  
  16  1:12  Drone  
  16  1:16  Drone  
  18  1:26  Extractor  
  18  1:27  Drone  
  18  1:38  Drone  
  19  1:47  Drone  
  19  1:49  Queen x2  
  19  1:50  Drone  
  25  1:58  Drone  
  25  2:00  Overlord  
  26  2:09  Drone  
  26  2:10  Drone  
  28  2:20  Drone  
  28  2:21  Drone  
  30  2:25  Queen x2  
  34  2:31  Overlord  
  34  2:32  Drone  
  35  2:40  Evolution Chamber  
  35  2:42  Drone x2  
  36  2:52  Drone  
  36  2:53  Drone  
  39  2:58  Drone x3  
  39  2:59  Drone x2  
  39  3:01  Overlord  
  43  3:06  Drone  
  43  3:07  Zerg Melee Weapons Level 1  
  44  3:13  Roach Warren  
  44  3:17  Drone  
  44  3:18  Overlord  
  44  3:21  Drone  
  45  3:30  Metabolic Boost  
  45  3:37  Zergling x16  
  45  3:40  Evolution Chamber  
  52  3:44  Extractor  
  52  3:45  Drone  
  52  3:47  Overlord  
  52  3:55  Drone  
  53  3:58  Drone  
  54  4:06  Zergling x6  
  54  4:08  Zergling x2  
  58  4:11  Baneling Nest  
  58  4:13  Overlord  
  58  4:14  Zergling x6  
  60  4:21  Zergling x2  
  60  4:22  Zergling x2  
  62  4:30  Zergling x2  
  63  4:34  Zergling x2  
  63  4:37  Zergling x2  
  63  4:38  Zergling x4  
  67  4:41  Overlord  
  67  4:42  Zergling x6  
  70  4:45  Zergling x2  
  69  4:54  Overlord  
  69  4:59  Baneling x12  
  69  5:00  Zergling x2  
  69  5:01  Hatchery  
  69  5:05  Baneling x2  
  69  5:07  Zergling x10  
  72  5:11  Zergling x6  
  77  5:21  Zergling x4  
  78  5:27  Zergling x2  
  67  5:30  Zergling x2  
  67  5:34  Zergling x2  
  61  5:38  Zergling x4  
  61  5:41  Zergling x4  
  64  5:50  Zergling x2  
  64  5:53  Zergling x2  
  64  5:54  Hatchery  
  65  6:01  Zergling x6  
  65  6:02  Zergling x2  
  65  6:03  Zergling x2  
  70  6:09  Baneling x3  
  70  6:10  Zergling x2, Baneling x5  
  70  6:11  Zergling x4  
  73  6:13  Zergling x2  
  73  6:15  Baneling  
  73  6:16  Zergling x2  
  75  6:18  Baneling x7  
  75  6:24  Zergling x2  
  76  6:28  Baneling x2  
  76  6:30  Zergling x8  
  80  6:33  Zergling x10  
  80  6:36  Zergling x4  
  80  6:39  Baneling x2  
  87  6:41  Zergling x2  
Show
View Real Time Build Order
Export as new Build Order

Dark Zerg - Winner!

Build Orders: Hatch First 

Get SALT Encoding   

  12  0:00  Drone  
  13  0:12  Overlord  
  13  0:17  Drone  
  14  0:31  Drone x2  
  16  0:48  Hatchery  
  15  0:52  Drone  
  15  0:55  Drone  
  17  0:58  Drone  
  18  1:09  Extractor  
  17  1:14  Spawning Pool  
  17  1:17  Drone  
  17  1:20  Drone  
  18  1:28  Drone  
  19  1:38  Drone  
  20  1:50  Drone  
  21  2:00  Queen x2  
  25  2:01  Drone x2  
  27  2:12  Drone, Overlord  
  27  2:13  Metabolic Boost  
  28  2:31  Drone x2  
  28  2:34  Hatchery  
  28  2:36  Drone  
  30  2:39  Drone  
  31  2:45  Overlord  
  31  2:46  Zergling x2  
  32  2:53  Queen  
  32  2:56  Drone x2  
  36  3:10  Drone x6  
  42  3:14  Overlord  
  42  3:16  Drone  
  43  3:23  Roach Warren  
  43  3:25  Drone  
  43  3:36  Drone x2  
  43  3:38  Zergling x2  
  46  3:41  Drone  
  46  3:43  Drone, Evolution Chamber  
  46  3:44  Extractor  
  46  3:45  Zergling x10  
  46  3:48  Drone  
  52  3:52  Lair  
  52  3:55  Overlord  
  52  4:01  Zergling x2  
  52  4:02  Zergling x4  
  55  4:05  Extractor  
  55  4:07  Drone  
  55  4:08  Zerg Missile Weapons Level 1  
  55  4:09  Overlord  
  55  4:11  Drone  
  56  4:19  Zergling x4  
  56  4:20  Zergling x2  
  56  4:23  Roach x3  
  65  4:25  Drone  
  65  4:31  Overlord  
  66  4:32  Drone x2  
  67  4:39  Roach x2  
  67  4:40  Roach  
  71  4:46  Roach  
  71  4:50  Roach x2, Spine Crawler  
  76  4:53  Roach  
  76  4:55  Roach  
  76  4:58  Roach  
  82  5:00  Overlord  
  82  5:07  Overlord x2  
  81  5:17  Roach x2  
  81  5:19  Roach x2  
  81  5:20  Roach  
  87  5:23  Roach  
  87  5:25  Roach  
  87  5:27  Roach  
  87  5:28  Roach  
  86  5:30  Roach  
  86  5:33  Roach  
  86  5:35  Glial Reconstitution  
  85  5:38  Roach  
  85  5:41  Roach  
  89  5:43  Roach  
  89  5:47  Roach  
  89  5:49  Roach  
  95  5:50  Overseer  
  95  5:52  Roach  
  95  5:56  Roach  
  99  6:02  Overlord  
  99  6:09  Roach x2  
  103  6:12  Roach  
  103  6:17  Overlord  
  105  6:21  Roach x2  
  105  6:22  Roach x2  
  113  6:37  Drone x3  
  113  6:38  Drone  
  113  6:39  Extractor, Roach  
  120  6:40  Roach  

Tags
 
Add a new tag
Caveats
  • Supply blocks, unpowered buildings, or Contaminate may cause inaccurate times.
  • Supply counts are checked every 10 seconds.